 Dungeon Crawl Stone Soup version 0.22-a0-159-g7ce444f (webtiles) character file.

78 wolfsongas the Cudgeler (level 4, -1/33 HPs)
             Began as a Demonspawn Gladiator on Feb 9, 2018.
             Succumbed to a worker ant's poison
             ... on level 2 of the Dungeon.
             The game lasted 00:02:58 (2260 turns).

wolfsongas the Cudgeler (Demonspawn Gladiator)      Turns: 2260, Time: 00:02:58

Health: -1/33      AC:  7    Str: 15    XL:     4   Next: 15%
Magic:  4/4        EV: 12    Int:  9    God:
Gold:   121        SH:  0    Dex: 15    Spells: 3/3 levels left

rFire    . . .     SeeInvis .   a - +0 flail
rCold    . . .     Gourm    .   (no shield)
rNeg     . . .     Faith    .   b - +0 leather armour
rPois    .         Spirit   .   c - +0 helmet
rElec    .         Reflect  .   (no cloak)
rCorr    .         Harm     .   (no gloves)
MR       .....                  (no boots)
Stlth    +.........             (no amulet)
HPRegen  0.11/turn              e - +3 ring of protection
MPRegen  0.09/turn              (no ring)

@: lethally poisoned (-1 -> -19)
A: hooves 2
a: no special abilities


You were on level 2 of the Dungeon.
You were very full.

You visited 1 branch of the dungeon, and saw 3 of its levels.

You collected 121 gold pieces.

Inventory:

Hand Weapons
 a - a +0 flail (weapon)
Missiles
 d - 3 throwing nets (quivered)
Armour
 b - a +0 leather armour (worn)
 c - a +0 helmet (worn)
Jewellery
 e - a +3 ring of protection (left hand)
Scrolls
 j - a scroll of identify
Potions
 h - a potion of agility
 i - 2 potions of flight
Comestibles
 f - 2 rations


   Skills:
 - Level 2.0 Fighting
 * Level 4.6 Maces & Flails
 - Level 1.7 Throwing
 - Level 2.6 Dodging


You had 3 spell levels left.
You didn't know any spells.

Dungeon Overview and Level Annotations

Branches:
Dungeon (3/15)

Altars:
Sif Muna


Innate Abilities, Weirdness & Mutations

You have hoof-like feet.


Message History

You feel sick. The worker ant bites you.
You are lethally poisoned!
The worker ant poisons you! The scorpion closely misses you.
The kobold hits you but does no damage. The worker ant closely misses you.
You climb upwards.
You feel very sick.
There is a stone staircase leading down here.
You sock the scorpion!
The scorpion is heavily wounded.
* * * LOW HITPOINT WARNING * * *
You feel sick.
The scorpion stings you but does no damage.
The worker ant bites you.
* * * LOW HITPOINT WARNING * * *
The scorpion stings you!
* * * LOW HITPOINT WARNING * * *
You barely miss the scorpion.
You kick the scorpion, but do no damage.
The scorpion is heavily wounded.
You die...

.....#
############.......#
..####
#....#.#.#####.# ..#
#......#.......# ..#
##..##.#.####### ..#
#...#.#.#
..###########.....#.#
............[.......#
..#############a#####
#.# ##......Ks@# #.#
#)..######## #.#
#...# ..# #...#
########## ### #...#
#........# #...#
#.######.# #...#
#.#.#<..รท######
#...# #.#...........#
#######...#
#.#.#.###.###.#


You could see a scorpion, a worker ant and a kobold.

Vanquished Creatures
  An adder (D:2)
  A dart slug (D:1)
  2 leopard geckos
  4 orcs (D:2)
  2 giant cockroaches (D:2)
  4 goblins
  10 hobgoblins
  9 jackals
  3 kobolds
  7 bats
  4 frilled lizards
  8 rats
55 creatures vanquished.

Vanquished Creatures (others)
  5 toadstools (D:1)
5 creatures vanquished.

Grand Total: 60 creatures vanquished

Notes
Turn   | Place    | Note
-------+----------+-------------------------------------------
     0 | D:1      | wolfsongas the Demonspawn Gladiator began the quest for the Orb.
     0 | D:1      | Reached XP level 1. HP: 16/16 MP: 1/1
   138 | D:1      | Reached skill level 3 in Maces & Flails
   142 | D:1      | Gained mutation: You have large cloven feet. [demonic ancestry]
   142 | D:1      | Reached XP level 2. HP: 15/22 MP: 2/2
   593 | D:1      | Reached XP level 3. HP: 27/27 MP: 3/3
   883 | D:2      | Reached skill level 4 in Maces & Flails
  1749 | D:2      | Found a deep blue altar of Sif Muna.
  1871 | D:2      | Gained mutation: You have hoof-like feet. [demonic ancestry]
  1871 | D:2      | Reached XP level 4. HP: 33/33 MP: 4/4
  2259 | D:2      | HP: 1/33 [scorpion (7)]
  2260 | D:2      | Succumbed to a worker ant's poison

Vault maps used:
D:1:      ldierk_walled_garden, serial_bayou_crossing
D:2:      wad_lake_hut, lemuel_coloured_pillars_altar, first_ration,
          wad_orctagon
D:3:      kennysheep_goblin_castle

Skill      XL: |  1  2  3 |
---------------+----------+-----
Maces & Flails | 3 4 |  4.6
Fighting       | |  2.0
Throwing       | |  1.7
Dodging        | |  2.6

Action                   |  1- 3 |  4- 6 || total
-------------------------+-------+-------++-------
Melee: Flail             |   118 |    29 ||   147
       Kick              |    22 |     8 ||    30
  Use: Scroll            |     1 |     1 ||     2
  Eat: Ration            |     2 |     1 ||     3
       Chunk             |     1 |       ||     1
Armor: Leather armour    |    50 |    23 ||    73
Dodge: Dodged            |    96 |    44 ||   140

Table legend:
 A = Spawn XP
 B = Non-spawn XP
 C = Spawn XP percentage of total XP
 D = Spawn monster count
 E = Non-spawn monster count
 F = Spawn count percentage of total count
 G = Total turns spent on level
                    A         B        C        D         E        F      G
               +---------+---------+-------+---------+---------+-------+---------
         Total |       0 |     112 |   0.0 |       0 |      55 |   0.0 |  2260
               +---------+---------+-------+---------+---------+-------+---------
           D:1 |       0 |      45 |   0.0 |       0 |      27 |   0.0 |   782
           D:2 |       0 |      61 |   0.0 |       0 |      25 |   0.0 |  1455
           D:3 |       0 |       6 |   0.0 |       0 |       3 |   0.0 |    23
               +---------+---------+-------+---------+---------+-------+---------
